 Dungeon Crawl Stone Soup version 0.26.0-16-gc1dbca0489 (webtiles) character file.

Game seed: 12879345974788828294

573 Majorwet the Covered (level 7, -12/91 HPs)
             Began as a Hill Orc Berserker on Jan 19, 2021.
             Was a Believer of Trog.
             Mangled by a two-headed ogre
             ... wielding a +0 giant spiked club
              (18 damage)
             ... on level 5 of the Dungeon.
             The game lasted 00:19:13 (5033 turns).

Majorwet the Covered (Hill Orc Berserker)           Turns: 5033, Time: 00:19:14

Health: -12/91     AC:  8    Str: 28    XL:     7   Next: 34%
Magic:  7/7        EV: 12    Int:  7    God:    Trog [**....]
Gold:   204        SH:  0    Dex: 10    Spells: 6/6 levels left

rFire    . . .     SeeInvis .   g - +3 short sword (freeze)
rCold    . . .     Faith    +   (no shield)
rNeg     . . .     Spirit   .   x - +3 leather armour
rPois    .         Reflect  .   s - +0 helmet
rElec    .         Harm     .   q - scarf {+Inv}
rCorr    .         Rampage  .   (no gloves)
Will     +....                  (no boots)
Stlth    ..........             u - amulet of faith
HPRegen  0.25/turn              b - ring of willpower
MPRegen  0.10/turn              v - +6 ring of strength

@: berserking, very quick
A: no striking features
a: Renounce Religion, Evoke Invisibility, Berserk, Trog's Hand


You were on level 5 of the Dungeon.
You worshipped Trog.
Trog was pleased with you.
You visited 1 branch of the dungeon, and saw 5 of its levels.

You collected 204 gold pieces.

Inventory:

Hand Weapons
 a - a +0 hand axe
 g - a +3 short sword of freezing (weapon)
 j - a +0 mace of protection
Missiles
 n - 21 poisoned darts (quivered)
 A - a throwing net
Armour
 q - a scarf of invisibility (worn)
 s - a +0 helmet (worn)
 x - a +3 leather armour (worn)
Jewellery
 b - a ring of willpower (left hand)
 u - an amulet of faith (around neck)
 v - a +6 ring of strength (right hand)
Wands
 p - a wand of random effects (7)
Scrolls
 d - a scroll of enchant weapon {unknown}
 e - 2 scrolls of identify {unknown}
 h - 3 scrolls of remove curse
 l - a scroll of amnesia
 m - 3 scrolls of magic mapping
 w - a scroll of teleportation {unknown}
 y - a scroll of blinking {unknown}
Potions
 c - 2 potions of might {unknown}
 f - 2 potions of curing
 k - 3 potions of invisibility {unknown}
 o - a potion of berserk rage {unknown}
 r - a potion of lignification {unknown}
 t - 2 potions of heal wounds {unknown}
 z - a potion of haste {unknown}


   Skills:
 * Level 5.1 Fighting
 + Level 2.8 Short Blades
 + Level 5.0 Axes
 * Level 5.5 Armour
 + Level 3.1 Dodging
 - Level 0.1 Stealth


You had 6 spell levels left.
You didn't know any spells.
Your spell library was empty.

Dungeon Overview and Level Annotations

Branches:
Dungeon (5/15)
 Temple: D:4-7

Altars:
Nemelex Xobeh
Ru


Message History

You barely miss the two-headed ogre. You barely miss the two-headed ogre.
The two-headed ogre barely misses you.
The two-headed ogre hits you with a +0 giant spiked club!
* * * LOW HITPOINT WARNING * * *
The worm closely misses you.
You are too berserk!
You hit the two-headed ogre. You freeze the two-headed ogre.
The two-headed ogre is lightly wounded.
You puncture the two-headed ogre! You freeze the two-headed ogre.
The two-headed ogre is moderately wounded.
The two-headed ogre hits you with a +0 giant spiked club.
* * * LOW HITPOINT WARNING * * *
The two-headed ogre barely misses you. The worm bites you.
* * * LOW HITPOINT WARNING * * *
You closely miss the two-headed ogre.
The two-headed ogre is moderately wounded.
You puncture the two-headed ogre! You freeze the two-headed ogre.
The two-headed ogre is heavily wounded.
The two-headed ogre hits you with a +0 giant spiked club!!
You die...

# #####
....####@).#
#.....Ow#(#
#..####..(#
##.## #(#
... ..(..
.....#
###.(w#


You could see a two-headed ogre and a worm.

Vanquished Creatures
  A wyvern (D:4)
  A phantom (D:4)
  A centaur (D:3)
  A scorpion (D:3)
  An orc priest (D:3)
  Terence (D:2)
  A worker ant (D:3)
  A hound skeleton (D:4)
  4 adders
  2 oozes
  A worm (D:2)
  2 dart slugs (D:1)
  3 leopard geckos
  6 orcs
  2 giant cockroaches
  5 goblins
  9 hobgoblins
  15 kobolds
  3 quokkas
  2 ball pythons
  3 bats
  5 frilled lizards
  7 rats
77 creatures vanquished.

Vanquished Creatures (others)
  2 fungi (D:1)
2 creatures vanquished.

Grand Total: 79 creatures vanquished

Notes
Turn   | Place    | Note
-------+----------+-------------------------------------------
     0 | D:1      | Majorwet the Hill Orc Berserker began the quest for the
                  | Orb.
     0 | D:1      | Reached XP level 1. HP: 19/19 MP: 1/1
   218 | D:1      | Reached XP level 2. HP: 24/27 MP: 2/2
   684 | D:1      | Reached XP level 3. HP: 33/33 MP: 3/3
   933 | D:1      | Reached ** piety under Trog
  1376 | D:2      | Found a sacrificial altar of Ru.
  1469 | D:2      | Noticed Terence
  1477 | D:2      | Killed Terence
  1478 | D:2      | Reached XP level 4. HP: 34/40 MP: 4/4
  1708 | D:2      | Reached skill level 5 in Axes
  1757 | D:2      | Found a sparkling altar of Nemelex Xobeh.
  2130 | D:3      | Reached skill level 1 in Short Blades
  2130 | D:3      | Reached XP level 5. HP: 7/47 MP: 5/5
  2628 | D:3      | Noticed a centaur
  2640 | D:3      | Killed a centaur
  2831 | D:3      | Reached XP level 6. HP: 53/53 MP: 6/6
  3143 | D:3      | Reached skill level 5 in Armour
  3703 | D:4      | Noticed a phantom
  3743 | D:4      | Killed a phantom
  3942 | D:4      | Noticed a wyvern
  3955 | D:4      | Killed a wyvern
  3956 | D:4      | Reached skill level 5 in Fighting
  3956 | D:4      | Reached XP level 7. HP: 10/61 MP: 7/7
  4765 | D:5      | Entered Level 5 of the Dungeon
  4767 | D:5      | Noticed a two-headed ogre
  5033 | D:5      | Mangled by a two-headed ogre

Illustrated notes

Levels and vault maps discovered:
D:1:      dpeg_arrival_water_fire, layout_loops_ring, serial_rivers,
          chequers_serial_rivers_small_3, chequers_serial_rivers_room_b,
          chequers_serial_rivers_room_b, chequers_serial_rivers_micro_e,
          chequers_serial_rivers_small_a, chequers_serial_rivers_micro_a
D:2:      layout_basic, general_overflow_altar, nemelex_dance_club_becter,
          uniq_terence
D:3:      minmay_evil_eye, layout_loops_ring
D:4:      layout_basic
D:5:      layout_loops_ring, tso_metal_star, uniq_edmund

Skill      XL: |  1  2  3  4  5  6 |
---------------+-------------------+-----
Fighting       | 4 5 |  5.1
Dodging        | 2 3 |  3.1
Armour         | 3 4 5 |  5.5
Axes           | 5 |  5.0
Short Blades   | 1 2 |  2.8
Stealth        | |  0.1

Action                   |  1- 3 |  4- 6 |  7- 9 || total
-------------------------+-------+-------+-------++-------
Melee: Hand axe          |    27 |       |       ||    27
       Short sword       |    46 |   219 |     7 ||   272
Throw: Dart              |       |     4 |     6 ||    10
Invok: Berserk           |     1 |     2 |     2 ||     5
       Trog's Hand       |       |     1 |       ||     1
  Use: Potion            |       |     1 |       ||     1
       Scroll            |       |     2 |     1 ||     3
Armor: Scale mail        |    21 |    62 |       ||    83
       Leather armour    |       |    35 |       ||    35
Dodge: Dodged            |    44 |   144 |     8 ||   196
